 Dungeon Crawl Stone Soup version 0.23-a0-644-gb60d84b (webtiles) character file.

459 zishaf the Firebug (level 6, 0/32 HPs)
             Began as a Deep Elf Fire Elementalist on Jan 1, 2019.
             Slain by a scorpion (3 damage)
             ... on level 5 of the Dungeon.
             The game lasted 00:07:25 (2969 turns).

zishaf the Firebug (Deep Elf Fire Elementalist)     Turns: 2969, Time: 00:07:26

Health: 0/32       AC:  3    Str:  5    XL:     6   Next: 78%
Magic:  5/12       EV: 14    Int: 22    God:
Gold:   140        SH:  0    Dex: 15    Spells: 2/11 levels left

rFire    . . .     SeeInvis .   a - +2 dagger (venom)
rCold    . . .     Gourm    .   (no shield)
rNeg     . . .     Faith    .   g - +0 robe
rPois    .         Spirit   .   (no helmet)
rElec    .         Reflect  .   n - +0 cloak
rCorr    .         Harm     .   (no gloves)
MR       .....                  (no boots)
Stlth    ++........             (no amulet)
HPRegen  0.10/turn              (no ring)
MPRegen  0.13/turn              (no ring)

@: lethally poisoned (0 -> -5), flying, very slightly contaminated, slowed, very
slow
A: no striking features
a: no special abilities


You were on level 5 of the Dungeon.
You were very hungry.

You visited 1 branch of the dungeon, and saw 5 of its levels.
You also visited: Sewer.

You collected 140 gold pieces.

Inventory:

Hand Weapons
 a - a +2 dagger of venom (weapon)
Armour
 g - a +0 robe (worn)
 n - a +0 cloak (worn)
Jewellery
 k - an uncursed ring of protection from cold {unknown}
Scrolls
 e - a scroll of remove curse
 f - 2 scrolls of teleportation {unknown}
 h - a scroll of magic mapping
 i - 2 scrolls of identify {unknown}
 j - a scroll of enchant weapon {unknown}
Potions
 b - 4 potions of heal wounds
 l - 2 potions of flight
Comestibles
 c - 6 rations
 m - 5 chunks of flesh


   Skills:
 + Level 4.4 Dodging
 - Level 2.4 Stealth
 - Level 3.0 Spellcasting
 * Level 4.9 Conjurations
 * Level 5.9 Fire Magic


You had 2 spell levels left.
You knew the following spells:

 Your Spells              Type           Power        Failure   Level  Hunger
a - Flame Tongue          Conj/Fire      ####.        1%          1    None
b - Fireball              Conj/Fire      ####......   36%         5    ######.
c - Conjure Flame         Conj/Fire      ####....     4%          3    ###....

Your spell library contained the following spells:

 Spells                   Type           Power        Failure   Level  Hunger
 Throw Flame              Conj/Fire      ####..       1%          2    ##.....
 Inner Flame              Hex/Fire       ###.....     11%         3    ###....
 Sticky Flame             Conj/Fire      ####....     13%         4    ####...


Dungeon Overview and Level Annotations

Branches:
Dungeon (6/15)
 Temple: D:4-7

Altars:


Message History

The orc wizard hits you with a +0 dagger.
* * * LOW HITPOINT WARNING * * *
The scorpion barely misses you.
The orc wizard hits you but does no damage.
The orc barely misses you.
Casting: Flame Tongue (safe; 1% risk of failure)
Confirm with . or Enter, or press ? or * to list all spells.
Aiming: Flame Tongue (safe; 1% risk of failure)
Press: ? - help, Shift-Dir - straight line, f/p - orc wizard
Aim: an orc wizard, wielding a +0 dagger and wearing a +0 robe (lightly The flame tongue hits the orc wizard.
The orc wizard is moderately wounded.
* * * LOW HITPOINT WARNING * * *
You feel sick.
The orc wizard hits you but does no damage.
The scorpion stings you but does no damage.
The orc hits you.
* * * LOW HITPOINT WARNING * * *
The orc wizard closely misses you. The scorpion stings you.
You die...

#+###
####+##...##
#@s..#.....#
#oo..'.....#
#....#.....+
#....#....##
##...#..).#
######...#
#...# ##
##...# #.
#....#######.


You could see a scorpion, an orc wizard and an orc.

Vanquished Creatures
  Sigmund (D:3)
  A big kobold (Sewer)
  A scorpion (D:2)
  A bullfrog zombie (D:5)
  5 adders
  3 river rats (Sewer)
  An ooze (D:2)
  3 worms
  3 dart slugs
  A leopard gecko (D:1)
  2 orcs
  2 giant cockroaches
  8 goblins
  6 hobgoblins
  3 jackals
  8 kobolds
  7 bats
  A frilled lizard (D:1)
  8 rats
65 creatures vanquished.

Notes
Turn   | Place    | Note
-------+----------+-------------------------------------------
     0 | D:1      | zishaf the Deep Elf Fire Elementalist began the quest for
                  | the Orb.
     0 | D:1      | Reached XP level 1. HP: 10/10 MP: 6/6
    90 | D:1      | Reached XP level 2. HP: 8/15 MP: 1/8
   557 | D:1      | Reached XP level 3. HP: 19/19 MP: 7/9
   979 | D:1      | Reached skill level 4 in Fire Magic
  1016 | D:1      | Learned a level 3 spell: Conjure Flame
  1322 | D:2      | Reached XP level 4. HP: 15/24 MP: 4/10
  1851 | D:3      | Found a glowing drain.
  1988 | Sewer    | Entered a sewer
  1993 | Sewer    | Reached XP level 5. HP: 13/28 MP: 3/11
  2270 | Sewer    | Reached skill level 5 in Fire Magic
  2591 | Sewer    | Found a white marble altar of Elyvilon.
  2783 | D:3      | Noticed Sigmund
  2800 | D:3      | Learned a level 5 spell: Fireball
  2810 | D:3      | Killed Sigmund
  2810 | D:3      | Reached XP level 6. HP: 32/32 MP: 3/12
  2910 | D:3      | You fall through a shaft for 3 floors!
  2918 | D:5      | Entered Level 5 of the Dungeon
  2969 | D:5      | Slain by a scorpion

Vault maps used:
D:1:      saegor_arrival_miasma
D:2:      minmay_split_cup_small
D:3:      portal_sewer_entry_d, led_sif_pool, uniq_sigmund
D:5:      first_ration, uniq_prince_ribbit1
D:6:      minmay_temple_entry_waves, serial_shops, shop, uniq_edmund
Sewer:    sewer_kobolds

Skill      XL: |  1  2  3  4  5 |
---------------+----------------+-----
Conjurations   | 2 3 4 |  4.9
Dodging        | 3 4 |  4.4
Fire Magic     | 4 5 |  5.9
Stealth        | |  2.4
Spellcasting   | |  3.0

Action                   |  1- 3 |  4- 6 || total
-------------------------+-------+-------++-------
Melee: Unarmed           |     1 |       ||     1
       Dagger            |       |     3 ||     3
 Cast: Flame Tongue      |    68 |    68 ||   136
       Conjure Flame     |       |     2 ||     2
       Fireball          |       |     1 ||     1
  Use: Scroll            |       |     2 ||     2
       Potion            |       |     3 ||     3
  Eat: Chunk             |     1 |     5 ||     6
Armor: Robe              |     3 |    13 ||    16
Dodge: Dodged            |    15 |    52 ||    67

Table legend:
 A = Non-vault XP
 B = Vault XP
 C = Vault XP percentage of total XP
 D = Non-vault monster count
 E = Vault monster count
 F = Vault count percentage of total count
                 A         B        C        D         E       F
            +---------+---------+-------+---------+---------+-------
      Total |     253 |     403 |  61.4 |      48 |      17 |  26.2
            +---------+---------+-------+---------+---------+-------
        D:1 |      54 |       0 |   0.0 |      26 |       0 |   0.0
        D:2 |     108 |      17 |  13.6 |      12 |       3 |  20.0
        D:3 |      27 |     237 |  89.8 |       7 |       2 |  22.2
        D:5 |      64 |       0 |   0.0 |       3 |       0 |   0.0
      Sewer |       0 |     149 | 100.0 |       0 |      12 | 100.0
            +---------+---------+-------+---------+---------+-------
